 Dungeon Crawl Stone Soup version 0.26-a0-652-gafc20e3620 (webtiles) character file.

Game seed: 1328781605972680329

130 djmy96 the Cudgeler (level 4, 0/40 HPs)
             Began as a Minotaur Fighter on Oct 1, 2020.
             Succumbed to an adder's poison
             ... on level 3 of the Dungeon.
             The game lasted 00:02:54 (1782 turns).

djmy96 the Cudgeler (Minotaur Fighter)              Turns: 1782, Time: 00:02:55

Health: 0/40       AC:  7    Str: 22    XL:     4   Next: 90%
Magic:  3/3        EV:  8    Int:  5    God:
Gold:   110        SH:  9    Dex:  9    Spells: 3/3 levels left

rFire    + . .     SeeInvis .   a - +0 flail
rCold    + . .     Faith    .   c - +0 kite shield
rNeg     . . .     Spirit   .   b - +0 scale mail
rPois    .         Reflect  .   (helmet restricted)
rElec    .         Harm     .   (no cloak)
rCorr    .         Rampage  .   (no gloves)
MR       .....                  (no boots)
Stlth    +.........             (no amulet)
HPRegen  0.13/turn              k - ring of stealth
MPRegen  0.08/turn              (no ring)

@: lethally poisoned (0 -> -2), stab, flying, very slightly contaminated,
invisible
A: retaliatory headbutt, horns 2, blurry vision 1, cold resistance 1, fire
resistance 1, sturdy frame 1
a: no special abilities


You were on level 3 of the Dungeon.
You visited 1 branch of the dungeon, and saw 3 of its levels.

You collected 110 gold pieces.

Inventory:

Hand Weapons
 a - a +0 flail (weapon)
Missiles
 u - 2 throwing nets (quivered)
Armour
 b - a +0 scale mail (worn)
 c - a +0 kite shield (worn)
Jewellery
 k - a ring of stealth (left hand)
 o - an uncursed ring of resist corrosion {unknown}
 r - an uncursed ring of fire
Scrolls
 e - 2 scrolls of identify {unknown}
 i - 6 scrolls of remove curse {unknown}
 j - a scroll of amnesia {unknown}
 l - a scroll of blinking {unknown}
 n - a scroll of enchant weapon {unknown}
 p - a scroll of magic mapping {unknown}
 q - a scroll of noise {unknown}
 s - a scroll of teleportation {unknown}
 t - a scroll of immolation {unknown}
Potions
 d - 4 potions of might
 f - a potion of stabbing
 m - 2 potions of flight


   Skills:
 + Level 4.2 Fighting
 + Level 4.5 Maces & Flails
 + Level 4.4 Armour
 + Level 0.2 Dodging
 + Level 4.4 Shields


You had 3 spell levels left.
You didn't know any spells.
Your spell library contained the following spells:

 Spells                   Type           Power        Failure   Level
 Animate Skeleton         Necr           #.....       98%         1
 Apportation              Tloc           #.....       98%         1
 Corona                   Hex            #......      98%         1
 Summon Small Mammal      Summ           #...         98%         1


Dungeon Overview and Level Annotations

Branches:
Dungeon (3/15)

Altars:
Kikubaaqudgha


Innate Abilities, Weirdness & Mutations

You reflexively headbutt those who attack you in melee.
You have a pair of horns on your head.
Scrolls take you a little longer to read.
Your flesh is cold resistant. (rC+)
Your flesh is heat resistant. (rF+)
Your movements are slightly less encumbered by armour. (ER -2)


Message History

You feel resistant to heat.
You feel resistant to cold.
Your vision blurs.
You feel less encumbered by your armour.
* * * LOW HITPOINT WARNING * * *
You feel sick.
It was a potion of invisibility.
You fade into invisibility!
* * * LOW HITPOINT WARNING * * *
You feel sick.
You are very lightly contaminated with residual magic.
Things that are here:
a +0 flail; an orc corpse
* * * LOW HITPOINT WARNING * * *
You feel sick.
* * * LOW HITPOINT WARNING * * *
You feel sick.
Found a stone staircase leading down.
* * * LOW HITPOINT WARNING * * *
You feel sick.
Found 13 poisoned darts.
You die...

##†#.##.# #.#
#.##)##.#
#.#.##.# #.##.
#.##)# #.#.##..
#.## #.##.#
#...# #.##.#
##### #..).#
#..### #..#
###########..#
#....@.......#
.......######..#
.##(##. #..# #
#. #...# #.
##..# #. #..# #.
..# #. .>#


There were no monsters in sight!

Vanquished Creatures
  An orc wizard (D:3)
  4 adders
  2 oozes
  A worm (D:3)
  4 dart slugs
  A leopard gecko (D:1)
  4 orcs (D:3)
  A giant cockroach (D:2)
  2 hobgoblins (D:2)
  2 quokkas (D:2)
  3 ball pythons (D:2)
  8 bats
  4 frilled lizards
  3 goblins
  4 kobolds
  12 rats
56 creatures vanquished.

Notes
Turn   | Place    | Note
-------+----------+-------------------------------------------
     0 | D:1      | djmy96 the Minotaur Fighter began the quest for the Orb.
     0 | D:1      | Reached XP level 1. HP: 19/19 MP: 0/0
   260 | D:1      | Reached XP level 2. HP: 27/27 MP: 1/1
   635 | D:2      | Reached XP level 3. HP: 33/33 MP: 2/2
   795 | D:2      | Found an ancient bone altar of Kikubaaqudgha.
  1248 | D:2      | Reached XP level 4. HP: 39/40 MP: 3/3
  1771 | D:3      | Gained mutation: Your flesh is heat resistant. (rF+)
                  | [potion of mutation]
  1771 | D:3      | Gained mutation: Your flesh is cold resistant. (rC+)
                  | [potion of mutation]
  1771 | D:3      | Gained mutation: Scrolls take you a little longer to read.
                  | [potion of mutation]
  1771 | D:3      | Gained mutation: Your movements are slightly less
                  | encumbered by armour. (ER -2) [potion of mutation]
  1774 | D:3      | HP: 2/40 [poisoned by an adder]
  1779 | D:3      | HP: 1/40 [poisoned by an adder]
  1782 | D:3      | Succumbed to an adder's poison

Illustrated notes

Levels and vault maps discovered:
D:1:      roderic_crossed_star, layout_loops_ring, kennysheep_decorative_pillar,
          kennysheep_nondescript
D:2:      layout_basic, nicolae_overflow_hidden_temple, minmay_joined_circles
D:3:      layout_loops_ring

Skill      XL: |  1  2  3  4 |
---------------+-------------+-----
Armour         | 4 |  4.4
Shields        | 4 |  4.4
Maces & Flails | 3 4 |  4.5
Fighting       | 4 |  4.2
Dodging        | |  0.2

Action                   |  1- 3 |  4- 6 || total
-------------------------+-------+-------++-------
Melee: Flail             |    78 |    53 ||   131
       Headbutt          |    13 |     3 ||    16
  Use: Potion            |       |     4 ||     4
Armor: Scale mail        |    38 |    21 ||    59
Dodge: Dodged            |    26 |    10 ||    36
Block: Kite shield       |    43 |    12 ||    55

Table legend: (Time is in decaauts)
 A = Elapsed time spent in this place.
 B = Non-inter-level travel time spent in this place.
 C = Inter-level travel time spent in this place.
 D = Time resting spent in this place.
 E = Time spent auto-exploring this place.
 F = Levels seen in this place.
 G = Mean time per level.
                   A        B        C        D        E       F      G
               +--------+--------+--------+--------+--------+-----+--------+
         Total |   1821 |   1732 |     89 |      0 |   1368 |   3 |  607.0 |
       Dungeon |   1821 |   1732 |     89 |      0 |   1368 |   3 |  607.0 |
               +--------+--------+--------+--------+--------+-----+--------+

Top non-repeatable levels by time:
     D:2: 923 daAuts
     D:1: 600 daAuts
     D:3: 297 daAuts
